Map: Catalyst LE

Players

Kelazhur

  • Race: Terran Terran
  • League: Master
  • Spawn Location: 5:00

Neeb - Winner!

  • Race: Protoss Protoss
  • League: Master
  • Spawn Location: 11:00

VOD

Have the link to the VOD?

Description

Time

  • Played on: Dec. 23, 2017, 8:07 p.m.
  • Length: 8:08
Show
View Real Time Build Order
Export as new Build Order

Kelazhur Terran 

Build Orders: MMM Bio 

Get SALT Encoding   

  12  0:00  SCV  
  13  0:12  SCV  
  14  0:17  Supply Depot  
  14  0:25  SCV  
  15  0:38  SCV  
  15  0:40  Barracks  
  16  0:50  SCV  
  16  0:52  Refinery  
  17  1:02  SCV  
  18  1:15  SCV  
  19  1:26  Marine  
  19  1:27  Orbital Command  
  20  1:48  Command Center  
  20  1:50  Barracks Reactor  
  20  1:53  SCV  
  21  1:58  Supply Depot  
  21  2:05  SCV  
  22  2:12  Barracks  
  22  2:17  SCV  
  23  2:26  Marine, Barracks  
  23  2:27  Marine  
  25  2:33  Bunker  
  25  2:35  SCV  
  26  2:45  Marine x2  
  26  2:48  SCV  
  29  2:59  Barracks Tech Lab  
  29  3:00  SCV  
  29  3:01  Orbital Command  
  29  3:03  Marine  
  29  3:05  Marine  
  32  3:12  SCV  
  33  3:16  Barracks Tech Lab  
  33  3:18  Marine, Stimpack  
  34  3:21  Marine  
  34  3:23  Marine  
  36  3:27  SCV x2  
  38  3:34  Marine  
  38  3:36  Marine  
  38  3:38  Supply Depot  
  38  3:39  Marine, SCV x2  
  38  3:41  Marine  
  44  3:44  Engineering Bay  
  44  3:51  SCV x2  
  46  3:56  Supply Depot  
  46  4:00  Marine x2  
  51  4:02  Marauder  
  51  4:03  Marauder  
  51  4:04  SCV  
  51  4:09  Concussive Shells  
  51  4:13  SCV, Terran Infantry Weapons Level 1  
  52  4:17  Supply Depot  
  52  4:18  SCV  
  52  4:23  Marine x2  
  53  4:24  Marine  
  54  4:33  Missile Turret  
  54  4:35  Marine, Missile Turret, SCV x2  
  57  4:41  Marine x2  
  57  4:42  Marine  
  57  4:44  Supply Depot  
  60  4:49  SCV x2  
  60  4:52  Marine  
  62  4:59  Marine x2, Combat Shields  
  65  5:00  Marine  
  65  5:01  SCV  
  66  5:08  Factory  
  66  5:10  Marine, SCV, Refinery  
  66  5:13  SCV  
  66  5:14  Refinery  
  69  5:16  Marine  
  69  5:17  Marine  
  71  5:22  Supply Depot  
  71  5:24  Marine, SCV  
  71  5:28  Marine  
  71  5:38  SCV  
  71  5:41  Marine  
  71  5:42  Marine  
  69  5:43  SCV  
  69  5:47  Supply Depot, Marauder x2  
  74  5:51  SCV  
  74  5:53  Starport, Factory Reactor  
  74  5:55  SCV  
  76  5:59  Marine x2  
  76  6:03  SCV  
  79  6:06  Barracks  
  79  6:07  Barracks  
  79  6:08  SCV  
  79  6:10  Marauder x2  
  84  6:15  SCV  
  84  6:17  Marine x2  
  87  6:19  Refinery  
  87  6:21  Supply Depot  
  89  6:35  Marine  
  89  6:36  Marine  
  91  6:40  Marine x2  
  91  6:44  Medivac  
  90  6:54  Marine  
  90  6:55  Marine, Factory Reactor  
  90  6:57  Marine  
  90  6:58  Marauder  
  90  7:00  Medivac  
  96  7:02  SCV x2  
  96  7:03  Supply Depot  
  98  7:09  Command Center  
  98  7:11  Marine  
  100  7:18  Barracks Tech Lab  
  100  7:19  Barracks Reactor  
  100  7:20  SCV x2  
  101  7:24  Marauder  
  101  7:29  Marine  
  99  7:30  Marauder  
  93  7:38  Marine  
  93  7:39  Marauder  
  80  7:45  Marine  
Show
View Real Time Build Order
Export as new Build Order

Neeb Protoss - Winner!

Build Orders: 1 Gate Expand, Oracle Opening 

Get SALT Encoding   

  12  0:00  Probe  
  13  0:12  Probe  
  14  0:17  Pylon  
  14  0:25  Probe (Chrono Boost)  
  15  0:37  Gateway, Probe (Chrono Boost)  
  16  0:43  Probe (Chrono Boost)  
  17  0:50  Assimilator  
  17  0:51  Probe  
  18  1:03  Probe  
  19  1:15  Probe  
  20  1:23  Nexus  
  20  1:35  Cybernetics Core  
  20  1:37  Probe  
  21  1:42  Assimilator  
  21  1:49  Probe (Chrono Boost)  
  21  1:52  Pylon  
  21  2:00  Probe (Chrono Boost)  
  22  2:05  Probe (Chrono Boost)  
  22  2:08  Stalker (Chrono Boost)  
  23  2:15  Probe  
  26  2:25  Stargate  
  26  2:27  Probe  
  27  2:31  Stalker (Chrono Boost)  
  30  2:37  Probe  
  30  2:39  Probe  
  31  2:46  Warp Gate  
  31  2:49  Probe  
  32  2:51  Probe  
  35  3:01  Probe  
  35  3:03  Probe  
  35  3:04  Pylon  
  37  3:07  Oracle (Chrono Boost)  
  38  3:13  Probe  
  38  3:16  Probe  
  40  3:25  Probe  
  41  3:28  Probe  
  41  3:29  Gateway  
  41  3:30  Gateway  
  42  3:37  Probe  
  42  3:38  Oracle  
  42  3:40  Probe  
  47  3:46  Shield Battery  
  47  3:48  Pylon  
  47  3:50  Probe  
  47  3:52  Probe  
  47  3:53  Assimilator  
  49  4:03  Probe  
  49  4:04  Probe  
  51  4:14  Pylon  
  51  4:15  Probe  
  51  4:16  Probe  
  53  4:25  Assimilator  
  53  4:27  Probe  
  53  4:28  Twilight Council, Probe  
  55  4:32  Robotics Facility  
  55  4:34  Pylon  
  55  4:37  Shield Battery  
  55  4:39  Probe  
  55  4:40  Probe  
  57  4:51  Probe  
  57  4:52  Stalker, Sentry x2, Probe  
  63  4:59  Gateway  
  65  5:00  Gateway  
  65  5:02  Pylon  
  65  5:03  Probe  
  65  5:04  Probe  
  67  5:10  Resonating Glaives (Chrono Boost)  
  67  5:16  Gateway  
  67  5:18  Sentry  
  67  5:20  Gateway  
  69  5:22  Stalker  
  69  5:23  Gateway  
  69  5:27  Stalker  
  71  5:39  Immortal (Chrono Boost)  
  74  5:44  Stalker  
  74  5:48  Pylon  
  74  5:58  Sentry x2  
  74  6:03  Nexus, Pylon  
  78  6:05  Sentry  
  78  6:07  Warp Prism (Chrono Boost)  
  82  6:15  Pylon  
  82  6:16  Adept x2  
  86  6:28  Adept x2  
  86  6:29  Adept x3  
  96  6:34  Pylon  
  96  6:47  Adept x2  
  96  6:48  Adept  
  96  6:53  Adept x4  
  110  7:04  Observer (Chrono Boost)  
  110  7:08  Adept x4  
  116  7:20  Adept x4  
Tags
 
Add a new tag
Caveats
  • Supply blocks, unpowered buildings, or Contaminate may cause inaccurate times.
  • Supply counts are checked every 10 seconds.